 Dungeon Crawl Stone Soup version 0.27-a0-1256-gced786f65e (webtiles) character file.

Game seed: 12916056346117194150

44 Zonian the Conjurer (level 3, 0/37 HPs)
             Began as a Human Conjurer on June 11, 2021.
             Was a Follower of Kikubaaqudgha.
             Slain by a goblin
             ... wielding a +0 club
             ... led by Robin
              (2 damage)
             ... on level 2 of the Dungeon.
             The game lasted 00:03:59 (2498 turns).

Zonian the Conjurer (Human Conjurer)                Turns: 2498, Time: 00:04:00

Health: 0/37       AC: 21    Str:  7    XL:     3   Next: 87%
Magic:  1/6        EV:  2    Int: 19    God:    Kikubaaqudgha [*.....]
Gold:   29         SH:  0    Dex: 11    Spells: 5/6 levels left

rFire    . . .     SeeInvis .   e - +1 dagger
rCold    . . .     Faith    .   (no shield)
rNeg     + + +     Spirit   .   (armour currently unavailable)
rPois    +         Reflect  .   (helmet currently unavailable)
rElec    .         Harm     .   (cloak currently unavailable)
rCorr    .         Rampage  .   (gloves currently unavailable)
Will     .....     NoTele   +   (boots currently unavailable)
Stlth    ++........             (no amulet)
HPRegen  0.12/turn              (no ring)
MPRegen  0.10/turn              (no ring)

@: tree-form
A: stationary, stasis, torment immunity, boosted hp
a: Renounce Religion, Receive Corpses


You were on level 2 of the Dungeon.
You worshipped Kikubaaqudgha.
Kikubaaqudgha was aware of your devotion.
You were a tree.
You visited 1 branch of the dungeon, and saw 2 of its levels.

You collected 29 gold pieces.

Inventory:

Hand Weapons
 e - a +1 dagger (weapon)
Missiles
 f - 5 boomerangs
Armour
 a - a +0 robe (melded)
Scrolls
 b - a scroll of magic mapping
Potions
 d - a potion of lignification


   Skills:
 + Level 0.5 Fighting
 + Level 0.4 Short Blades
 + Level 2.1 Dodging
 + Level 2.4 Stealth
 + Level 2.1 Spellcasting
 + Level 4.5 Conjurations
 + Level 0.5 Necromancy


You had 5 spell levels left.
You knew the following spells:

 Your Spells              Type           Power      Damage    Failure   Level
a - Magic Dart            Conj           76%        1d6       2%          1

Your spell library contained the following spells:

 Spells                   Type           Power      Damage    Failure   Level
 Searing Ray              Conj           38%        3d4       3%          2
 Animate Skeleton         Necr           8%         N/A       14%         1
 Pain                     Necr           16%        1d4       14%         1
 Summon Small Mammal      Summ           8%         N/A       17%         1
 Dazzling Flash           Conj/Hex       20%        N/A       19%         3
 Sublimation of Blood     Necr           2%         N/A       21%         2
 Call Imp                 Summ           2%         N/A       26%         2
 Vampiric Draining        Necr           2%         2d6       38%         3
 Call Canine Familiar     Summ           2%         N/A       45%         3
 Summon Guardian Golem    Hex/Summ       2%         N/A       45%         3
 Fulminant Prism          Conj/Hex       5%         3d7       54%         4
 Iskenderun's Mystic Bla  Conj/Tloc      10%        2d4       54%         4
 Summon Ice Beast         Ice/Summ       2%         N/A       86%         4
 Summon Lightning Spire   Summ/Air       2%         N/A       86%         4


Dungeon Overview and Level Annotations

Branches:
Dungeon (2/15)

Altars:
Kikubaaqudgha

Annotations:
D:2 Robin


Message History

The adder is heavily wounded.
You feel sick. The adder bites you but does no damage.
Your magical contamination has completely faded away.
Unknown command.
Casting: Magic Dart (safe; 2% risk of failure)
Confirm with . or Enter, or press ? or * to list all spells.
Aiming: Magic Dart (safe; 2% risk of failure)
Press: ? - help, Shift-Dir - straight line, f/p - adder
Aim: an adder (heavily wounded, 100% to hit)
The magic dart hits the adder.
You kill the adder!
Kikubaaqudgha accepts your kill.
You feel sick.
You start resting.
You feel sick.
Robin is nearby!
Robin is nearby!
Unknown command.
Okay, then.
As you read the scroll labelled ALA LARCHIA, it crumbles to dust.
It is a scroll of identify.
You don't have any unidentified items.
You feel sick.
A goblin comes into view. It is wielding a +0 club.
You feel sick.
You feel sick.
You feel sick.
You are no longer poisoned.
Robin shouts!
You hear a shout! x2
Robin throws the goblin at you! The goblin hits you but does no damage.
Unknown command.
You barely miss the goblin. Robin throws the goblin at you!
The goblin hits you but does no damage. x2
Unknown command.
You hit the goblin.
The goblin is severely wounded.
Robin roars a battlecry!
The goblins go into a battle-frenzy!
The goblin hits you with a +0 club.
You die...
Kikubaaqudgha rasps: "You have failed me!
Welcome... death!"

,,,,,,,,,,,,,,,,,,,,,,**,***#.#.#
,,,,,,,,,,,,,,,...,,,,,,,,,,...>#
,,,,_,,*,,**,,,g..,,,,,,,***#.#.#
**,,,,,**,**,**#)#****,,,,,*#.#.#
*,,,,,*#,**,#,...,,**,,,,,*#.#.#
*#..........,#.#.#*,**,,,,,*#....
*#......##.###.#.##,**,,,,,*###..
##................#,,+,,,,,* ##.
.....##..#..#.##♣.#***,,,,,* #.
.....#..#.......gg#,,,,....* #.
..............#...#,,,,,...* #.
..............#...#,,,,*#.#* #.
#......<......#...#######.######.
#....#+##.....##.................
#.<..#....##..#.................#
####.#######..#..................
.....#...)....#..........<.......


You could see Robin and 2 goblins.

Vanquished Creatures
  A gnoll (D:1)
  An adder (D:2)
  An endoplasm (D:1)
  A giant cockroach (D:1)
  9 goblins
  3 hobgoblins
  2 kobolds (D:1)
  A quokka (D:1)
  2 ball pythons (D:1)
  A rat (D:1)
22 creatures vanquished.

Notes
Turn   | Place    | Note
-------+----------+-------------------------------------------
     0 | D:1      | Zonian the Human Conjurer began the quest for the Orb.
     0 | D:1      | Reached XP level 1. HP: 13/13 MP: 3/3
   118 | D:1      | Found a faded altar of an unknown god.
   128 | D:1      | Became a worshipper of Kikubaaqudgha
   128 | D:1      | Reached * piety under Kikubaaqudgha
   128 | D:1      | Identified Kikubaaqudgha's Guide on Dark Secrets
                  | (Kikubaaqudgha gifted it to you on level 1 of the Dungeon)
   128 | D:1      | Received a gift from Kikubaaqudgha
   230 | D:1      | You fall into a shaft and drop 1 floor!
   513 | D:1      | Reached XP level 2. HP: 19/19 MP: 1/5
  1487 | D:2      | Reached XP level 3. HP: 24/24 MP: 2/6
  1508 | D:2      | Noticed Robin
  2498 | D:2      | Slain by a goblin

Illustrated notes

Levels and vault maps discovered:
D:1:      giann_bridges, layout_loops_ring,
          shapermc_ecumenical_altar_mp_highgroup
D:2:      layout_basic, basic_altar, grunt_ministairs_3, uniq_robin,
          uniq_natasha

Action                   || total
-------------------------++-------
Melee: Dagger            ||    30
 Cast: Magic Dart        ||    39
  Use: Scroll            ||     4
       Potion            ||     1
Armor: Skin              ||     8
       Robe              ||     2
Dodge: Dodged            ||    19

Table legend: (Time is in decaauts)
 A = Elapsed time spent in this place.
 B = Non-inter-level travel time spent in this place.
 C = Inter-level travel time spent in this place.
 D = Time resting spent in this place.
 E = Time spent auto-exploring this place.
 F = Levels seen in this place.
 G = Mean time per level.
                   A        B        C        D        E       F      G
               +--------+--------+--------+--------+--------+-----+--------+
         Total |   2501 |   2371 |    130 |   1371 |    803 |   2 | 1250.5 |
       Dungeon |   2501 |   2371 |    130 |   1371 |    803 |   2 | 1250.5 |
               +--------+--------+--------+--------+--------+-----+--------+

Top non-repeatable levels by time:
     D:1: 2204 daAuts
     D:2: 296 daAuts
